 Dungeon Crawl Stone Soup version 0.17.0-18-gaab0e96 (console) character file.

179 gw the Chopper (level 5, -4/47 HPs)
             Began as a Hill Orc Berserker on Nov 11, 2015.
             Was a Believer of Trog.
             Slain by gw's ghost (10 damage)
             ... on level 4 of the Dungeon.
             The game lasted 00:03:01 (4053 turns).

gw the Chopper (Hill Orc Berserker)                 Turns: 4053, Time: 00:03:01

Health: -4/47      AC:  9    Str: 20    XL:     5   Next: 59%
Magic:  5/5        EV:  8    Int:  7    God:    Trog [**....]
Gold:   153        SH:  0    Dex: 11    Spells: 0 memorised, 4 levels left

rFire  . . .     SeeInvis .     c - -1 war axe (curse)
rCold  . . .     Clarity  .     f - +0 chain mail
rNeg   . . .     SustAt   .     (no shield)
rPois  .         Gourm    .     (no helmet)
rElec  .         Spirit   .     (no cloak)
rCorr  .         Warding  .     (no gloves)
rMut   .         Stasis   .     (no boots)
MR     ++...                    (no amulet)
Stlth  ..........               (no ring)
                                (no ring)

@: starving, regenerating, very resistant to hostile enchantments, extremely
unstealthy
A: no striking features
a: Berserk, Trog's Hand, Burn Spellbooks, Renounce Religion


You were on level 4 of the Dungeon.
You worshipped Trog.
Trog was pleased with you.
You were starving.

You visited 1 branch of the dungeon, and saw 4 of its levels.

You collected 153 gold pieces.

Inventory:

Hand Weapons
 b - a +1 war axe of freezing
 c - a cursed -1 war axe (weapon)
Missiles
 a - 16 poisoned needles
 e - 126 stones (quivered)
Armour
 f - a +0 chain mail (worn)


   Skills:
 + Level 4.6 Fighting
 * Level 5.9 Axes
 + Level 2.0 Throwing
 + Level 3.1 Armour
 - Level 1.5 Dodging


You had 4 spell levels left.
You didn't know any spells.

Dungeon Overview and Level Annotations

Branches:
Dungeon (4/15)
 Temple: D:4-7

Altars:

Annotations:
D:4 gw's ghost, amateur HuGl


Message History

Unknown command.
Unknown command.
Unknown command.
FLEEEEING!
ATTACKING (0,1)
You hit gw's ghost but do no damage.
Gw's ghost is lightly damaged.
Gw's ghost wails.
Gw's ghost hits you.
Unknown command.
Unknown command.
Unknown command.
Unknown command.
FLEEEEING!
ATTACKING (0,1)
Your chain mail prevents you from hitting gw's ghost.
Gw's ghost is lightly damaged.
You feel the effects of Trog's Hand fading.
Gw's ghost hits you!
You die...

#.# ### ##### #.###.##
##.... ##......#########
##...##
##...##..........#
##.#.#.#
#####.....##########.#
#.##.##. .........## #.#
#.##.##. .######.##
#####.# #.##.##.
.######.# #.....#
##.#.#.# .....##.#
#o##### ##...##
.###.##'# #W# ##.## .#
.. #.# #.# .# #.## #.###
.# #..## #####.#.# ###..
.####...######........
....
...'....................
###.
...####...######.##.....
# ##..### #.##.....


You could see gw's ghost.

Table legend:
 A = Turns spent in this place as a percentage of turns spent in the entire game.
 B = Non-inter-level travel turns spent in this place as a percentage of non-inter-level travel turns spent in the entire game.
 C = Inter-level travel turns spent in this place as a percentage of turns spent in this place.
 D = Turns resting spent in this place as a percentage of non-inter-level travel turns spent in this place.
 E = Turns spent auto-exploring this place as a percentage of non-inter-level travel turns spent in this place.
 F = Non-inter-level travel turns spent in this place divided by the number of levels of this place that you've seen.
                   A       B       C       D       E      F
               +-------+-------+-------+-------+-------+----------------------
         Total | 100.0 | 100.0 |   0.4 |   1.0 |   2.5 | 1158.8
       Dungeon | 100.0 | 100.0 |   0.4 |   1.0 |   2.5 | 1158.8
               +-------+-------+-------+-------+-------+----------------------

Table legend:
 A = Kills in this place as a percentage of kills in entire the game.
 B = Kills by you in this place as a percentage of kills by you in the entire game.
 C = Kills by friends in this place as a percentage of kills by friends in the entire game.
 D = Other kills in this place as a percentage of other kills in the entire game.
 E = Experience gained in this place as a percentage of experience gained in the entire game.
 F = Experience gained in this place divided by the number of levels of this place that you have seen.
                   A       B       C       D       E      F
               +-------+-------+-------+-------+-------+----------------------
         Total | 100.0 | 100.0 |  -nan |  -nan | 100.0 |  64.2
       Dungeon | 100.0 | 100.0 |  -nan |  -nan | 100.0 |  64.2
               +-------+-------+-------+-------+-------+----------------------

Vanquished Creatures
  An orc priest (D:3)
  Jessica (D:2)
  A worker ant (D:4)
  2 adders
  An ooze (D:1)
  2 worms
  2 giant geckos (D:1)
  4 orcs (D:3)
  5 bats
  5 goblins
  8 hobgoblins
  4 jackals (D:3)
  A giant cockroach (D:1)
  3 giant newts (D:1)
  15 kobolds
  4 rats
59 creatures vanquished.

Notes
Turn   | Place    | Note
--------------------------------------------------------------
     0 | D:1      | gw the Hill Orc Berserker began the quest for the Orb.
     0 | D:1      | Reached XP level 1. HP: 19/19 MP: 1/1
   274 | D:1      | Reached XP level 2. HP: 27/27 MP: 2/2
   922 | D:1      | Reached ** piety under Trog
  1108 | D:1      | Reached XP level 3. HP: 33/33 MP: 3/3
  1803 | D:2      | Noticed Jessica
  1813 | D:2      | Killed Jessica
  1813 | D:2      | Reached skill level 5 in Axes
  1813 | D:2      | Reached skill level 1 in Throwing
  1813 | D:2      | Reached XP level 4. HP: 31/40 MP: 4/4
  2632 | D:3      | Reached XP level 5. HP: 47/47 MP: 5/5
  4032 | D:4      | Noticed gw's ghost (amateur HuGl)
  4053 | D:4      | Slain by gw's ghost

Action                   |  1- 3 |  4- 6 || total
-------------------------+-------+-------++-------
Melee: Hand axe          |   112 |       ||   112
       War axe           |    16 |   103 ||   119
Throw: Stone             |    34 |    56 ||    90
Invok: Trog's Hand       |       |     3 ||     3
       Berserk           |       |     1 ||     1
  Eat: Chunk             |     1 |     4 ||     5
       Bread ration      |     1 |       ||     1

Vault maps used:
D:1:      lightli_arrival_lavapool, grunt_decor_mini_mirrors
D:2:      uniq_jessica
